 Dungeon Crawl Stone Soup version 0.27.1-33-g824d729ab1 (webtiles) character file.

Game seed: 13911324239117228943

798 Kaptain the Chiller (level 7, -3/51 HPs)
             Began as a Merfolk Ice Elementalist on Dec 19, 2021.
             Killed by divine providence
             ... invoked by an orc priest
              (12 damage)
             ... on level 6 of the Dungeon.
             The game lasted 00:24:11 (7367 turns).

Kaptain the Chiller (Merfolk Ice Elementalist)      Turns: 7367, Time: 00:24:11

Health: -3/51      AC:  3    Str:  5 (8)  XL:     7   Next: 89%
Magic:  6/13       EV: 12    Int: 16 (17) God:
Gold:   150        SH:  0    Dex:  9 (12) Spells: 7/14 levels left

rFire    . . .     SeeInvis .   p - +1 trident (freeze)
rCold    . . .     Faith    .   (no shield)
rNeg     . . .     Spirit   .   r - +0 leather armour
rPois    .         Reflect  .   (no helmet)
rElec    .         Harm     .   (no cloak)
rCorr    .         Rampage  .   (no gloves)
Will     +....                  (no boots)
Stlth    ++........             (no amulet)
HPRegen  0.17/turn              h - ring of flight
MPRegen  0.13/turn              c - ring of willpower

@: freezing walls, flying
A: (nimble swimmer 2), mertail, clumsy 1
a: no special abilities


You were on level 6 of the Dungeon.
You visited 1 branch of the dungeon, and saw 6 of its levels.

You collected 150 gold pieces.

Inventory:

Hand Weapons
 k - a +0 short sword
 p - a +1 trident of freezing (weapon)
Armour
 a - a +0 robe
 d - a +0 kite shield
 r - a +0 leather armour (worn)
Jewellery
 c - a ring of willpower (right hand)
 h - a ring of flight (left hand)
Wands
 o - a wand of iceblast (6)
 q - a wand of acid (2)
 B - a wand of flame (7)
Scrolls
 b - a scroll of enchant weapon
 i - a scroll of vulnerability
 m - a scroll of amnesia
 n - a scroll of blinking
 t - 2 scrolls of teleportation
 A - a scroll of enchant armour {unknown}
Potions
 e - a potion of flight
 s - a potion of brilliance
 w - 2 potions of degeneration
 z - a potion of curing {unknown}


   Skills:
 + Level 2.6 Fighting
 + Level 2.3 Polearms
 + Level 1.9 Armour
 + Level 4.6 Dodging
 + Level 4.0 Stealth
 + Level 0.5 Shields
 * Level 4.1 Spellcasting
 * Level 6.4 Ice Magic


You had 7 spell levels left.
You knew the following spells:

 Your Spells              Type           Power      Damage    Failure   Level
a - Freeze                Ice            92%        1d10      1%          1
b - Frozen Ramparts       Ice            46%        1d6       6%          3
c - Ozocubu's Armour      Ice            23%        N/A       6%          3

Your spell library contained the following spells:

 Spells                   Type           Power      Damage    Failure   Level
 Hailstorm                Conj/Ice       13%        3d5       56%         4
 Gell's Gravitas          Tloc           1%         N/A       63%         3
 Teleport Other           Tloc           3%         N/A       63%         3
 Dispersal                Tloc           1%         N/A       100%        6


Dungeon Overview and Level Annotations

Branches:
Dungeon (6/15)
 Temple: D:4-7

Altars:
Ashenzari
Elyvilon
Nemelex Xobeh
Sif Muna
Vehumet
Yredelemnul

Shops:
D:1 *   D:2 (   D:4 :   D:5 (

Annotations:
D:3 exclusion: statue


Innate Abilities, Weirdness & Mutations

((You are quick and stealthy near water. (Stealth+, EV+, Speed+++)))
Your lower body shifts to a powerful aquatic tail in water.
You are clumsy. (Dex -2)


Message History

You freeze something!
An ogre comes into view. It is wielding a +0 giant club.
The wall freezes something.
The orc priest invokes the aid of Beogh against you.
Beogh smites you!
The water moccasin skeleton completely resists.
The wall freezes the water moccasin skeleton but does no damage.
The wall freezes the orc priest.
You kill the orc priest!
The wall freezes the adder.
You kill the adder!
An orc comes into view. It is wielding a +0 trident.
The wall freezes something.
Something hits you.
* * * LOW HITPOINT WARNING * * *
Something shocks you.
* * * LOW HITPOINT WARNING * * *
Casting: Freeze (safe; 1% risk of failure)
Confirm with . or Enter, or press ? or * to list all spells.
Aiming: Freeze (safe; 1% risk of failure)
Press: ? - help, Shift-Dir - straight line You freeze something!
The water moccasin skeleton resists.
The wall freezes the water moccasin skeleton.
An orc wizard comes into view.
It is wielding a +1 dagger of protection.
The wall freezes the jelly.
The wall freezes something.
Reactivating autopickup.
You feel a bit more experienced.
Your Stealth skill increases to level 4!
It was a potion of degeneration.
There was something very wrong with that liquid.
You feel weakened.
You feel dopey.
You feel clumsy.
The wall freezes something.
The water moccasin skeleton completely resists.
The wall freezes the water moccasin skeleton but does no damage.
The wall freezes the jelly.
It was a potion of mutation.
You feel extremely strange.
You feel clumsy.
You feel frail.
You feel robust.
The wall freezes the orc priest.
The orc priest calls down the wrath of Beogh upon you.
Beogh smites you!
You die...

## #o S# ## ##. ...
## #..###### o...
...#....<..# .O...
.....oo....####...$..
####......#)@ZJ.....
#.....o)†##......
#.....o### .....
#..)...### ....
#........# ...
#......#.. ## .
#......#..# #.####
#.#.#.....#
.....###.#...###.


You could see an ogre, a jelly, an orc priest, 2 orcs and a water moccasin
skeleton.

Vanquished Creatures
  A sky beast (D:6)
  A water moccasin zombie (D:5)
  2 wights (D:5)
  A bullfrog zombie (D:5)
  2 centaur zombies (D:5)
  An orc priest (D:6)
  A bullfrog skeleton (D:4)
  A human zombie (D:5)
  Jessica (D:3)
  3 scorpion zombies (D:5)
  Natasha (thrice) (D:2)
  2 orc wizards
  A hound zombie (D:5)
  A mummy (D:5)
  4 adders
  A river rat (D:5)
  An adder zombie (D:5)
  3 worms
  3 dart slugs
  5 orcs
  3 endoplasms
  6 giant cockroaches
  6 goblins
  2 hobgoblins
  12 jackals
  3 kobolds
  4 quokkas
  5 ball pythons
  4 bats
  5 frilled lizards
  11 rats
99 creatures vanquished.

Notes
Turn   | Place    | Note
-------+----------+-------------------------------------------
     0 | D:1      | Kaptain the Merfolk Ice Elementalist began the quest for
                  | the Orb.
     0 | D:1      | Reached XP level 1. HP: 13/13 MP: 3/3
   291 | D:1      | Reached XP level 2. HP: 19/19 MP: 1/5
   454 | D:1      | Found Coun Vuagh's General Store.
   929 | D:1      | Reached XP level 3. HP: 20/25 MP: 0/6
  2026 | D:2      | Noticed Natasha
  2035 | D:2      | Killed Natasha
  2036 | D:2      | Reached skill level 1 in Fighting
  2036 | D:2      | Reached skill level 5 in Ice Magic
  2036 | D:2      | Reached XP level 4. HP: 22/32 MP: 1/7
  2072 | D:2      | Learned a level 3 spell: Frozen Ramparts
  2076 | D:2      | Learned a level 3 spell: Ozocubu's Armour
  2273 | D:2      | Noticed Natasha
  2337 | D:2      | Found Lemavilaizi's Antique Weapon Shoppe.
  2341 | D:2      | Killed Natasha
  2416 | D:2      | Noticed Natasha
  2449 | D:2      | Killed Natasha
  2450 | D:2      | Reached XP level 5. HP: 10/37 MP: 4/9
  3007 | D:2      | Found a faded altar of an unknown god.
  3085 | D:3      | Found a shimmering blue altar of Sif Muna.
  3164 | D:3      | Found a broken altar of Ashenzari.
  3269 | D:3      | Reached skill level 1 in Armour
  3296 | D:3      | Found a radiant altar of Vehumet.
  3296 | D:3      | Noticed a charred statue
  3594 | D:3      | Noticed Jessica
  3602 | D:3      | Killed Jessica
  4250 | D:4      | Found a white marble altar of Elyvilon.
  4542 | D:4      | Found Apeiculu's Book Shoppe.
  4567 | D:4      | Reached XP level 6. HP: 25/44 MP: 1/10
  4894 | D:5      | Entered Level 5 of the Dungeon
  5833 | D:5      | Reached skill level 1 in Polearms
  5909 | D:5      | Reached XP level 7. HP: 44/50 MP: 12/12
  6128 | D:5      | Found Zazoddas's Weapon Shoppe.
  6275 | D:5      | Found a sparkling altar of Nemelex Xobeh.
  6402 | D:5      | Found a basalt altar of Yredelemnul.
  6417 | D:5      | Reached skill level 6 in Ice Magic
  7367 | D:6      | Gained mutation: You are clumsy. (Dex -2) [potion of
                  | mutation]
  7367 | D:6      | Gained mutation: You are frail. (-10% HP) [potion of
                  | mutation]
  7367 | D:6      | Lost mutation: You are frail. (-10% HP) [potion of
                  | mutation]
  7367 | D:6      | Killed from afar by an orc priest

Illustrated notes

Levels and vault maps discovered:
D:1:      dpeg_arrival_arbitrary_b, layout_basic, serial_shops, shop
D:2:      layout_loops_ring, shapermc_ecumenical_altar_mp_vishouse,
          serial_shops, shop, nrook_campfire, minmay_pentomino_r2, uniq_natasha
D:3:      layout_basic, mainiacjoe_overflow_concentric_impassable,
          mainiacjoe_overflow_brackets, vehumet_statue, kennysheep_cross_room,
          uniq_jessica
D:4:      layout_loops_ring, mainiacjoe_overflow_six_doors_small, serial_shops,
          nicolae_shop_waterfront
D:5:      layout_basic, lemuel_mausoleum_altar_yredelemnul,
          nemelex_diamond_rough_becter, portal_sewer_entry_b, serial_shops,
          shop, minmay_misc_feat_pillars
D:6:      layout_rooms, minmay_temple_entry_fiery

Skill      XL: |  1  2  3  4  5  6  7 |
---------------+----------------------+-----
Dodging        | 3 4 |  4.6
Fighting       | 1 2 |  2.6
Ice Magic      | 5 6 |  6.4
Armour         | 1 |  1.9
Stealth        | 3 4 |  4.0
Spellcasting   | 3 4 |  4.1
Polearms       | 1 2 |  2.3
Shields        | |  0.5

Action                   |  1- 3 |  4- 6 |  7- 9 || total
-------------------------+-------+-------+-------++-------
Melee: Unarmed           |     4 |       |       ||     4
       Dagger            |    38 |       |       ||    38
       Short sword       |     3 |    29 |       ||    32
       Trident           |       |    91 |    85 ||   176
 Cast: Freeze            |    49 |    42 |     5 ||    96
       Frozen Ramparts   |       |     8 |     1 ||     9
       Ozocubu's Armour  |       |     1 |       ||     1
Evoke: Wand              |       |       |     1 ||     1
  Use: Potion            |       |     3 |     3 ||     6
       Scroll            |       |       |    14 ||    14
 Stab: Sleeping          |     4 |     3 |     6 ||    13
       Distracted        |     1 |     1 |       ||     2
Armor: Robe              |    22 |     8 |       ||    30
       Leather armour    |       |    32 |    14 ||    46
Dodge: Dodged            |    54 |    93 |    61 ||   208
